 Dungeon Crawl Stone Soup version 0.26-b1-32-g5d43845318 (webtiles) character file.

Game seed: 3395567791764230271

17534 Borgoz the Basher (level 12, -8/114 HPs)
             Began as a Gargoyle Berserker on Jan 11, 2021.
             Was a High Priest of Trog.
             Mangled by a troll (9 damage)
             ... on level 11 of the Dungeon.
             The game lasted 00:16:55 (11397 turns).

Borgoz the Basher (Gargoyle Berserker)             Turns: 11397, Time: 00:16:55

Health: -8/114     AC: 22    Str: 22    XL:     12   Next: 49%
Magic:  4/4        EV: 17    Int:  8    God:    Trog [*****.]
Gold:   918        SH:  0    Dex: 13    Spells: 11/11 levels left

rFire    + . .     SeeInvis .   N - +3 great mace (antimagic)
rCold    . . .     Faith    .   (shield currently unavailable)
rNeg     + . .     Spirit   .   n - +1 ring mail {rF+}
rPois    ∞         Reflect  .   t - +1 helmet
rElec    +         Harm     .   f - +0 cloak
rCorr    .         Rampage  .   (no gloves)
Will     .....                  d - +0 pair of boots
Stlth    ..........             (no amulet)
HPRegen  0.29/turn              (no ring)
MPRegen  0.09/turn              w - +4 ring of slaying

@: berserking (expiring), slowed
A: negative energy resistance 1, electricity resistance, unbreathing,
petrification resistance, miasma immunity, AC +8
a: Renounce Religion, Berserk, Trog's Hand, Brothers in Arms


You were on level 11 of the Dungeon.
You worshipped Trog.
Trog was extremely pleased with you.
You visited 1 branch of the dungeon, and saw 12 of its levels.
You also visited: Ossuary.

You collected 918 gold pieces.

Inventory:

Hand Weapons
 N - a +3 antimagic great mace (weapon)
Missiles
 y - 2 throwing nets (quivered)
Armour
 d - a +0 pair of boots (worn)
 f - a +0 cloak (worn)
 i - a +3 scale mail of cold resistance
 n - a +1 ring mail of fire resistance (worn)
 t - a +1 helmet (worn)
Jewellery
 b - an uncursed ring of protection from fire
 m - an uncursed ring of ice
 w - a +4 ring of slaying (right hand)
Wands
 j - a wand of digging (9)
 v - a wand of flame (35)
 z - a wand of iceblast (19)
 D - a wand of paralysis (7)
 G - a wand of acid (18)
Scrolls
 a - a scroll of random uselessness {unknown}
 e - 6 scrolls of remove curse
 g - a scroll of blinking
 o - 3 scrolls of magic mapping
 r - 2 scrolls of enchant weapon
 x - a scroll of fog {unknown}
 A - 3 scrolls of teleportation
 C - a scroll of vulnerability {unknown}
 F - 2 scrolls of fear {unknown}
 K - 2 scrolls of enchant armour {unknown}
 O - a scroll of torment {unknown}
Potions
 c - a potion of invisibility {unknown}
 h - 7 potions of curing {unknown}
 k - a potion of cancellation {unknown}
 l - 6 potions of lignification {unknown}
 p - 2 potions of mutation
 q - 3 potions of berserk rage {unknown}
 s - 3 potions of flight
 u - a potion of might
 B - 2 potions of heal wounds {unknown}
 E - a potion of resistance {unknown}
 H - a potion of degeneration {unknown}


   Skills:
 + Level 9.5 Fighting
 * Level 12.0 Maces & Flails
 + Level 9.2 Armour
 * Level 10.1 Dodging


You had 11 spell levels left.
You didn't know any spells.
Your spell library was empty.

Dungeon Overview and Level Annotations

Branches:
Dungeon (12/15)            Temple (0/1) D:4            Lair (0/6) D:8
    Orc (0/2) D:11        Ossuary (visited)

Altars:
Cheibriados
Elyvilon
Gozag
Hepliaklqana
Kikubaaqudgha
Makhleb
Nemelex Xobeh
Qazlal
Ru
Sif Muna
Uskayaw
Yredelemnul
Zin

Shops:
D:6 !   D:8 *


Innate Abilities, Weirdness & Mutations

You are resistant to torment.
Your stone body is resilient. (AC +8)
You are immune to poison.
You resist negative energy. (rN+)
You are resistant to electric shocks. (rElec)
You can survive without breathing.
You are immune to petrification.
You are immune to miasma.


Message History

The skeletal warrior barely misses you. The troll closely misses you.
The troll misses you. The troll claws you.
* * * LOW HITPOINT WARNING * * *
You bludgeon the freezing wraith!!
You destroy the freezing wraith!
Trog accepts your kill. The wraith closely misses you.
The yak gores you but does no damage. The yak barely misses you.
The troll misses you.
The troll claws you but does no damage. x2
You bludgeon the troll!!
The troll is severely wounded.
The skeletal warrior hits you with a cursed -2 scimitar!
* * * LOW HITPOINT WARNING * * *
The wraith barely misses you. The yak gores you but does no damage.
The yak gores you!
* * * LOW HITPOINT WARNING * * *
The troll bites you.
* * * LOW HITPOINT WARNING * * *
The troll claws you!
You die...

#...........# #..# #..##.# #...
............# #..# #..##.# #..#
............# #..# #..##.# #..#
............# #..###..##.# #..#
............###.......##.#####..#
................................#
................................#
............!##zYY.............>#
.............##.@T...##.........#
.............##..W...##.........#
(............##......##..........
.............##......##..........
.............##......##..........
.............##......##..........
........###..##.###..##..........
........# #.....# #..##..........
........# #<....# #..............


You could see a skeletal warrior, 2 yaks, a troll and a wraith.

Vanquished Creatures
  Fannar (D:11)
  A hydra (D:11)
  3 two-headed ogres
  An unseen horror (D:11)
  Pikel (D:5)
  A deep elf mage (D:11)
  A phantasmal warrior (D:11)
  A manticore (D:11)
  A gargoyle (D:10)
  Maggie (D:6)
  A komodo dragon (D:11)
  A freezing wraith (D:11)
  A hornet (D:11)
  Grinder (D:3)
  Sigmund (D:2)
  A shadow (D:11)
  16 yaks
  5 wyverns
  A basilisk (D:8)
  A steam dragon (D:11)
  Menkaure (D:5)
  Edmund (D:4)
  A two-headed ogre zombie (D:11)
  2 water moccasins (D:8)
  2 orc warriors
  3 phantoms
  3 ice beasts
  3 sky beasts
  A black bear (D:10)
  2 eyes of draining (D:11)
  A hornet zombie (Ossuary)
  4 ogres
  5 centaurs
  A necrophage (D:10)
  A big kobold (D:9)
  A gnoll sergeant (D:9)
  4 bullfrogs
  2 water moccasin zombies
  2 troll zombies (D:11)
  2 scorpions (D:8)
  3 killer bees (D:7)
  A water moccasin skeleton (D:7)
  23 wights
  3 howler monkeys (D:7)
  A bullfrog zombie (Ossuary)
  2 centaur zombies
  A quasit (D:10)
  3 hounds
  A jelly (D:5)
  6 orc priests
  Crazy Yiuf (D:2)
  Terence (D:2)
  Jessica (D:2)
  12 orc wizards
  Ijyb (D:5)
  4 iguanas
  10 worker ants
  A killer bee zombie (Ossuary)
  5 ogre zombies (D:11)
  A hound zombie (D:5)
  A howler monkey zombie (D:10)
  11 mummies (Ossuary)
  3 worker ant zombies
  7 gnolls
  18 adders
  2 shadow imps
  3 white imps
  3 ufetubi
  An ooze (D:2)
  An adder zombie (Ossuary)
  6 worms
  An adder skeleton (D:4)
  5 dart slugs
  9 leopard geckos
  53 orcs
  6 giant cockroaches
  8 goblins
  4 hobgoblins
  12 kobolds
  3 quokkas
  4 ball pythons
  3 bats
  2 frilled lizards
  4 goblin skeletons (D:11)
  A goblin zombie (D:11)
  3 hobgoblin zombies (D:11)
  A jackal skeleton (D:4)
  A leopard gecko skeleton (D:4)
  2 leopard gecko zombies
  4 orc skeletons (D:11)
  13 orc zombies (D:11)
  4 rats
363 creatures vanquished.

Vanquished Creatures (others)
  A quokka (D:6)
  5 fungi (D:8)
  15 plants (D:8)
  12 withered plants (Ossuary)
33 creatures vanquished.

Grand Total: 396 creatures vanquished

Notes
Turn   | Place    | Note
-------+----------+-------------------------------------------
     0 | D:1      | Borgoz the Gargoyle Berserker began the quest for the Orb.
     0 | D:1      | Reached XP level 1. HP: 14/14 MP: 1/1
   276 | D:1      | Reached XP level 2. HP: 16/19 MP: 2/2
   859 | D:2      | Found a runed translucent door.
   860 | D:2      | Noticed Crazy Yiuf
   888 | D:2      | Found a glowing silver altar of Zin.
   918 | D:2      | Reached XP level 3. HP: 23/23 MP: 3/3
   923 | D:2      | Noticed Terence
   941 | D:2      | Killed Terence
   942 | D:2      | Reached XP level 4. HP: 29/29 MP: 4/4
   963 | D:2      | Found an ancient bone altar of Kikubaaqudgha.
  1284 | D:2      | Noticed Jessica
  1287 | D:2      | Killed Jessica
  1304 | D:2      | Noticed Sigmund
  1322 | D:2      | Killed Sigmund
  1323 | D:2      | Reached skill level 4 in Maces & Flails
  1323 | D:2      | Reached XP level 5. HP: 33/33 MP: 5/5
  1323 | D:2      | Reached XP level 6. HP: 38/38 MP: 6/6
  1559 | D:2      | Reached ** piety under Trog
  1872 | D:2      | Killed Crazy Yiuf
  1963 | D:3      | Found a burning altar of Makhleb.
  2213 | D:3      | Found a shimmering blue altar of Sif Muna.
  2496 | D:3      | Reached skill level 5 in Maces & Flails
  2496 | D:3      | Reached XP level 7. HP: 41/44 MP: 7/7
  2745 | D:3      | Noticed Grinder
  2758 | D:3      | Killed Grinder
  2948 | D:4      | Noticed Edmund
  2967 | D:4      | Killed Edmund
  3091 | D:4      | Reached skill level 5 in Fighting
  3091 | D:4      | Reached XP level 8. HP: 34/49 MP: 8/8
  3130 | D:4      | Reached skill level 6 in Maces & Flails
  3141 | D:4      | Reached *** piety under Trog
  3150 | D:4      | Found a staircase to the Ecumenical Temple.
  3212 | D:4      | Reached skill level 5 in Dodging
  3227 | D:4      | Found a sand-covered staircase.
  3237 | Ossuary  | Entered an ossuary
  3381 | Ossuary  | Reached skill level 5 in Armour
  3701 | Ossuary  | Reached skill level 7 in Maces & Flails
  4138 | D:5      | Entered Level 5 of the Dungeon
  4151 | D:5      | Reached **** piety under Trog
  4152 | D:5      | Reached XP level 9. HP: 55/55 MP: 9/9
  4219 | D:5      | Noticed Ijyb
  4227 | D:5      | Killed Ijyb
  4437 | D:5      | Noticed Menkaure
  4444 | D:5      | Killed Menkaure
  4623 | D:5      | Noticed Pikel
  4639 | D:5      | Killed Pikel
  4640 | D:5      | Reached skill level 8 in Maces & Flails
  5095 | D:6      | Found Gaili's Distillery.
  5247 | D:6      | Reached XP level 10. HP: 61/61 MP: 10/10
  5690 | D:6      | Found a white marble altar of Elyvilon.
  5694 | D:6      | Noticed Maggie
  5708 | D:6      | Killed Maggie
  5709 | D:6      | Reached skill level 9 in Maces & Flails
  5885 | D:6      | Found a hide-covered altar of Uskayaw.
  6277 | D:7      | Found a stormy altar of Qazlal.
  6302 | D:7      | Found a snail-covered altar of Cheibriados.
  6361 | D:7      | You fall into a shaft and drop 2 floors!
  6407 | D:8      | Noticed a two-headed ogre
  6418 | D:8      | Killed a two-headed ogre
  6578 | D:8      | Reached ***** piety under Trog
  6602 | D:8      | Reached skill level 10 in Maces & Flails
  6612 | D:8      | Reached XP level 11. HP: 62/68 MP: 11/11
  6669 | D:8      | Found a staircase to the Lair.
  7098 | D:7      | Got a steaming falchion
  7139 | D:6      | Got a polished quarterstaff
  7140 | D:6      | Identified the +9 quarterstaff of Miaren {vorpal, rC- Str+2
                  | Stlth+} (You found it on level 6 of the Dungeon)
  7367 | D:8      | Received a gift from Trog
  7566 | D:8      | Found a sparkling altar of Nemelex Xobeh.
  7896 | D:8      | Found a sacrificial altar of Ru.
  7987 | D:8      | Found an opulent altar of Gozag.
  7992 | D:8      | Found Gozag's Platinum Reserve.
  8077 | D:9      | Found a hazy altar of Hepliaklqana.
  8088 | D:9      | Found a basalt altar of Yredelemnul.
  8790 | D:10     | Entered Level 10 of the Dungeon
  9461 | D:10     | Noticed a two-headed ogre
  9468 | D:10     | Killed a two-headed ogre
  9469 | D:10     | Reached skill level 11 in Maces & Flails
  9511 | D:10     | Noticed a two-headed ogre
  9519 | D:10     | Killed a two-headed ogre
  9804 | D:11     | Noticed a manticore
  9813 | D:11     | Killed a manticore
  9952 | D:11     | Noticed a five-headed hydra
  9957 | D:11     | Noticed a deep elf mage
  9960 | D:11     | Killed a five-headed hydra
  9961 | D:11     | Reached XP level 12. HP: 68/76 MP: 4/12
 10274 | D:11     | Found a staircase to the Orcish Mines.
 10509 | D:11     | Noticed Fannar
 10510 | D:11     | Received a gift from Trog
 10520 | D:11     | Killed Fannar
 10546 | D:11     | Reached skill level 10 in Dodging
 11003 | D:12     | Noticed a death knight
 11017 | D:11     | Reached skill level 12 in Maces & Flails
 11397 | D:11     | HP: 3/114 [yak (9)]
 11397 | D:11     | HP: 1/114 [troll (2)]
 11397 | D:11     | Mangled by a troll

Illustrated notes

Levels and vault maps discovered:
D:1:      dpeg_arrival_arbitrary_a, layout_loops_ring
D:2:      layout_basic, kiku_gazebo_pond_becter, general_overflow_altar,
          nrook_loot_triangle, st_stairs_8, uniq_terence, uniq_jessica,
          uniq_crazy_yiuf_cottage, uniq_sigmund
D:3:      layout_loops_ring, lemuel_blue_sif_altar, overflow_temple_1_default,
          uniq_grinder
D:4:      layout_rooms, minmay_temple_entry_large_hall, enter_ossuary_2,
          uniq_edmund
D:5:      layout_basic, roderic_serpentine_path, uniq_pikel, uniq_ijyb,
          uniq_menkaure
D:6:      layout_loops_cross, elyvilon_altar_4, eat_drink_and_be_merry_uskayaw,
          serial_shops, nicolae_shop_waterfront, uniq_maggie
D:7:      layout_gridville, overflow_temple_1_default,
          nicolae_qazlal_general_emergency
D:8:      layout_basic, nicolae_ru_the_path_less_chosen,
          nicolae_gozag_zags_fifth_avenue, nemelex_xobeh_ov_fountains_minmay,
          minmay_lair_entry_grove
D:9:      layout_roguey, nicolae_overflow_crystal_walls, lemuel_crystal_altar
D:10:     layout_loops_cross
D:11:     layout_long_grid, zombieorc2_lemuel, uniq_fannar
D:12:     layout_cave_pools, serial_shops, shop_fountains

Skill      XL: |  1  2  3  4  5  6  7  8  9 10 11 12 |
---------------+-------------------------------------+-----
Dodging        | 2 3 4 5 6 8 9 10 | 10.1
Fighting       | 4 5 6 7 9 |  9.5
Maces & Flails | 4 5 7 8 10 11 12 | 12.0
Armour         | 3 4 5 6 7 8 9 |  9.2

Action                   |  1- 3 |  4- 6 |  7- 9 | 10-12 || total
-------------------------+-------+-------+-------+-------++-------
Melee: Mace              |    65 |   147 |    93 |       ||   305
       Flail             |       |       |   306 |       ||   306
       Whip              |       |       |    64 |   182 ||   246
       Great mace        |       |       |       |   354 ||   354
       Quarterstaff      |       |       |       |    16 ||    16
Invok: Berserk           |     1 |     3 |     7 |     4 ||    15
       Trog's Hand       |       |       |     1 |     5 ||     6
  Use: Scroll            |       |       |    10 |     4 ||    14
Armor: Animal skin       |    51 |    11 |       |       ||    62
       Scale mail        |       |    23 |       |    23 ||    46
       Ring mail         |       |    58 |   238 |   276 ||   572
Dodge: Dodged            |    54 |   111 |   320 |   408 ||   893
